 Dungeon Crawl Stone Soup version 0.26-a0-661-g406de6ba63 (webtiles) character file.

Game seed: 9347680656257796280

42890 Peloso the Peltast (level 13, -3/119 HPs)
             Began as a Minotaur Fighter on Oct 9, 2020.
             Was the Champion of Okawaru.
             Killed from afar by a deep elf mage (24 damage)
             ... with a bolt of lightning
             ... on level 12 of the Dungeon.
             The game lasted 00:49:30 (18164 turns).

Peloso the Peltast (Minotaur Fighter)              Turns: 18164, Time: 00:49:31

Health: -3/119     AC: 32    Str: 25    XL:     13   Next: 87%
Magic:  11/13      EV: 13    Int:  5    God:    Okawaru [******]
Gold:   1527       SH: 16    Dex: 14    Spells: 12/12 levels left

rFire    . . .     SeeInvis .   a - +3 scimitar
rCold    . . .     Faith    +   c - +0 kite shield
rNeg     . . .     Spirit   .   E - +10 plate armour of the Marlin {+Blink MR- rCorr}
rPois    +         Reflect  .   w - +0 hat {MR+}
rElec    .         Harm     .   o - scarf {repulsion}
rCorr    +         Rampage  .   V - +0 pair of gloves {Dex+3}
MR       .....                  Q - +1 pair of boots
Stlth    ..........             i - amulet of faith
HPRegen  0.29/turn              Z - ring of poison resistance
MPRegen  0.13/turn              q - ring of wizardry

@: heroism, repel missiles
A: retaliatory headbutt, horns 2
a: Heroism, Finesse, Renounce Religion, Evoke Blink


You were on level 12 of the Dungeon.
You worshipped Okawaru.
Okawaru was exalted by your worship.
You visited 3 branches of the dungeon, and saw 17 of its levels.
You also visited: Gauntlet.

You collected 1527 gold pieces.

Inventory:

Hand Weapons
 a - a +3 scimitar (weapon)
 b - the +5 hand axe of Moral Flaws {venom, rF+}
   (Okawaru gifted it to you on level 3 of the Lair of Beasts)

   It poisons the flesh of those it strikes.
   It protects you from fire.
 U - the +3 longbow "Piwiul" {flame, Str-2 Int+3 Dex+5, unknown}
   (Okawaru gifted it to you in a Gauntlet)

   It causes projectiles fired from it to burn those they strike, causing extra
   injury to most foes and up to half again as much damage against particularly
   susceptible opponents.
   It affects your strength (-2).
   It affects your intelligence (+3).
   It affects your dexterity (+5).
Missiles
 s - 86 bolts
Armour
 c - a +0 kite shield (worn)
 o - a scarf of repulsion (worn)
 w - a +0 hat of magic resistance (worn)
 E - the +10 plate armour of the Marlin (worn) {+Blink MR- rCorr}
   (You took it off an orc on level 5 of the Dungeon)

   It affects your resistance to hostile enchantments.
   It lets you blink.
   It provides partial protection from all sources of acid and corrosion.
 Q - a +1 pair of boots (worn)
 V - a +0 pair of gloves of dexterity (worn)
Jewellery
 g - an uncursed ring of ice
 i - an amulet of faith (around neck)
 m - an uncursed ring of positive energy
 n - a +4 ring of protection {unknown}
 q - a ring of wizardry (right hand)
 C - an uncursed ring of see invisible
 D - an uncursed ring of resist corrosion
 Y - an uncursed ring of flight
 Z - a ring of poison resistance (left hand)
Wands
 e - a wand of polymorph (9)
 f - a wand of digging (4)
 O - a wand of acid (3)
Scrolls
 d - a scroll of enchant weapon
 h - 2 scrolls of identify
 j - 3 scrolls of magic mapping {unknown}
 k - 7 scrolls of teleportation
 l - a scroll of brand weapon {unknown}
 p - 7 scrolls of remove curse
 y - 2 scrolls of blinking
 z - 3 scrolls of enchant armour {unknown}
 G - 2 scrolls of immolation
 K - a scroll of noise
 M - 3 scrolls of vulnerability {unknown}
 R - 4 scrolls of silence {unknown}
Potions
 u - 4 potions of lignification
 v - 5 potions of degeneration
 A - 4 potions of curing
 B - 5 potions of flight
 H - 3 potions of berserk rage
 N - 2 potions of heal wounds
 T - 3 potions of resistance


   Skills:
 + Level 12.4(17.4) Fighting
 + Level 15.4(20.4) Long Blades
 + Level 12.6(17.6) Armour
 + Level 4.7(9.7) Dodging
 + Level 0.5(5.5) Stealth
 + Level 15.4(20.4) Shields
 + Level 2.2 Invocations
 + Level 1.9 Evocations


You had 12 spell levels left.
You didn't know any spells.
Your spell library contained the following spells:

 Spells                   Type           Power        Failure   Level
 Beastly Appendage        Tmut           #.....       75%         1
 Sandblast                Erth           #.....       75%         1
 Summon Small Mammal      Summ           #...         75%         1
 Blink                    Tloc           N/A          86%         2
 Call Imp                 Summ           #.......     86%         2
 Passwall                 Tmut/Erth      #.......     86%         2
 Wereblood                Tmut           #.......     86%         2
 Call Canine Familiar     Summ           #.......     98%         3
 Gell's Gravitas          Tloc           #.........   98%         3
 Lesser Beckoning         Tloc           #.........   98%         3
 Spider Form              Tmut/Pois      #.........   98%         3
 Stone Arrow              Conj/Erth      #.....       98%         3
 Summon Guardian Golem    Hex/Summ       #.......     98%         3
 Teleport Other           Tloc           #.......     98%         3
 Ice Form                 Ice/Tmut       #.......     100%        4
 Passage of Golubria      Tloc           N/A          100%        4
 Petrify                  Tmut/Erth      #.......     100%        4
 Summon Ice Beast         Ice/Summ       #.......     100%        4
 Summon Lightning Spire   Summ/Air       #.......     100%        4
 Blade Hands              Tmut           #.........   100%        5
 Lee's Rapid Deconstruct  Erth           #.........   100%        5


Dungeon Overview and Level Annotations

Branches:
Dungeon (12/15)            Temple (1/1) D:4            Lair (4/6) D:8
 Shoals (0/4) Lair:4       Spider (0/4) Lair:2          Orc (0/2) D:12
Gauntlet (visited)

Altars:
Ashenzari
Cheibriados
Dithmenos
Elyvilon
Fedhas
Gozag
Hepliaklqana
Kikubaaqudgha
Makhleb
Nemelex Xobeh
Okawaru
Qazlal
Ru
Sif Muna
Trog
Uskayaw
Vehumet
Wu Jian
Xom
Yredelemnul
Zin
The Shining One

Shops:
D:12 [(

Annotations:
D:2 2 transporters, Natasha
D:9 3 runed translucent doors, YoungGLord's ghost, novice GrEE
Lair:2 Casa
Lair:3 2 transporters


Innate Abilities, Weirdness & Mutations

You reflexively headbutt those who attack you in melee.
You have a pair of horns on your head.


Message History

You hit the deep elf mage. You headbutt the deep elf mage!
The deep elf mage is heavily wounded.
The deep elf mage mumbles some strange words.
The deep elf mage blinks!
The deep elf mage casts a spell at you. The bolt of lightning hits you!!
* * * LOW HITPOINT WARNING * * *
You closely miss the deep elf mage.
You headbutt the deep elf mage, but do no damage.
The deep elf mage is heavily wounded.
Unknown command.
You closely miss the deep elf mage.
The deep elf mage is heavily wounded.
The deep elf mage gestures at you while chanting.
The bolt of lightning is repelled.
Unknown command.
You gain the combat prowess of a mighty hero.
The deep elf mage gestures at you while chanting.
The bolt of lightning hits you!!
You die...

######()
##...)()
#.....(.
###+#######
#.....(.
#.........#
#.....).
#.........#
#.......
#.........#
+.......
#.).......#
#.....(.
#...@.....+
#.......
#...e.....#
#####...
#.........#
#...
#######.###
#... ###..#
#... #....#
#####+
#....#
#<....
#....#
#.....
#....#
#....[


You could see a deep elf mage.

Vanquished Creatures
  A minotaur (Gauntlet)
  A blizzard demon (Gauntlet)
  A death ooze (Gauntlet)
  Erolcha (D:10)
  2 hydras
  Harold (D:7)
  A rakshasa (D:11)
  A catoblepas (Lair:2)
  2 boulder beetles
  3 two-headed ogres
  Urug (Lair:3)
  A death drake (Gauntlet)
  A swamp dragon (D:11)
  A cyclops (D:12)
  2 deep elf magi (D:11)
  3 ugly things
  A worldbinder (Gauntlet)
  5 elephants (Lair:4)
  A spectral centaur (Gauntlet)
  4 black mambas
  Maggie (Lair:1)
  A torpor snail (Lair:3)
  A freezing wraith (D:11)
  4 komodo dragons
  10 cane toads
  A redback zombie (Gauntlet)
  2 ice devils (Gauntlet)
  A large abomination (Gauntlet)
  2 merfolk
  4 trolls
  A hornet (D:11)
  7 blink frogs
  11 dream sheep
  A redback (Lair:2)
  A wyvern (Lair:4)
  3 wraiths
  Sigmund (D:6)
  A shadow (D:11)
  Eustachio (D:5)
  A basilisk (Lair:2)
  25 yaks
  Menkaure (D:7)
  3 small abominations (Gauntlet)
  5 water moccasins
  A soldier ant (D:12)
  Duvessa (D:5)
  2 black bears
  A sky beast (D:11)
  9 orc warriors
  2 ice beasts
  3 boggarts (Gauntlet)
  2 ogres
  A phantom (D:5)
  12 wolves
  11 centaurs
  3 big kobolds
  10 bullfrogs
  Dowan (D:5)
  2 water moccasin skeletons
  4 scorpions
  12 killer bees
  5 wights (D:9)
  An electric eel (Lair:4)
  4 howler monkeys
  2 bullfrog zombies
  A quasit (D:9)
  2 centaur zombies
  6 centaur skeletons
  8 hounds
  5 jellies
  8 orc priests
  A bullfrog skeleton (D:6)
  16 orc wizards
  Crazy Yiuf (D:3)
  Natasha (D:2)
  4 iguanas
  10 worker ants
  A hound zombie (D:9)
  2 hound skeletons
  A worker ant zombie (D:10)
  10 gnolls
  A howler monkey skeleton (D:6)
  17 adders
  4 white imps
  An ufetubus (D:8)
  2 oozes
  An adder skeleton (D:4)
  A worm (D:2)
  5 leopard geckos
  60 orcs
  3 bats
  5 hobgoblins
  12 jackals
  16 kobolds
  9 quokkas
  3 ball pythons (D:3)
  7 frilled lizards
  4 giant cockroaches
  5 goblins
  A leopard gecko skeleton (D:7)
  6 rats
452 creatures vanquished.

Vanquished Creatures (others)
  An orc wizard (D:8)
  A leopard gecko (D:8)
  A demonic plant (Gauntlet)
  6 fungi
  7 plants
16 creatures vanquished.

Grand Total: 468 creatures vanquished

Notes
Turn   | Place    | Note
-------+----------+-------------------------------------------
     0 | D:1      | Peloso the Minotaur Fighter began the quest for the Orb.
     0 | D:1      | Reached XP level 1. HP: 19/19 MP: 0/0
   207 | D:1      | Reached XP level 2. HP: 21/27 MP: 1/1
   856 | D:2      | Reached XP level 3. HP: 32/33 MP: 2/2
   905 | D:2      | Reached XP level 4. HP: 31/41 MP: 3/3
   926 | D:2      | Reached skill level 5 in Fighting
  1087 | D:2      | Noticed a phantom
  1088 | D:2      | Found a hide-covered altar of Uskayaw.
  1089 | D:2      | Found an opulent altar of Gozag.
  1092 | D:2      | Found a transporter.
  1094 | D:2      | Noticed an ogre
  1107 | D:2      | Found a transporter.
  1279 | D:2      | Noticed Natasha
  1287 | D:2      | Killed Natasha
  1287 | D:2      | Reached XP level 5. HP: 48/48 MP: 4/4
  1514 | D:2      | Noticed Natasha
  1680 | D:3      | Reached skill level 1 in Dodging
  2268 | D:3      | Found a runed translucent door.
  2269 | D:3      | Noticed Crazy Yiuf
  2582 | D:3      | Killed Crazy Yiuf
  2845 | D:4      | Reached XP level 6. HP: 45/56 MP: 5/5
  3017 | D:4      | Found a staircase to the Ecumenical Temple.
  3135 | D:4      | Reached skill level 5 in Long Blades
  3135 | D:4      | Reached skill level 5 in Armour
  3150 | D:4      | Reached skill level 5 in Shields
  3164 | D:4      | Reached XP level 7. HP: 34/62 MP: 6/6
  3689 | D:4      | Found a broken altar of Ashenzari.
  3818 | D:5      | Entered Level 5 of the Dungeon
  3869 | D:5      | Identified the +10 plate armour of the Marlin {+Blink MR-
                  | rCorr}
  3890 | D:5      | Found a shimmering blue altar of Sif Muna.
  3955 | D:5      | Noticed Eustachio
  3991 | D:5      | Killed Eustachio
  4058 | D:5      | Noticed Dowan
  4059 | D:5      | Noticed Duvessa
  4079 | D:5      | HP: 4/96 [hound (1)]
  4082 | D:5      | Killed Duvessa
  4085 | D:5      | HP: 4/96 [Dowan/shard of ice (4)]
  4089 | D:5      | Killed Dowan
  4092 | D:5      | Reached XP level 8. HP: 2/71 MP: 7/7
  4969 | Temple   | Entered the Ecumenical Temple
  5062 | Temple   | Became a worshipper of Warmaster Okawaru
  5380 | D:6      | Noticed Sigmund
  5409 | D:6      | Reached * piety under Okawaru
  5439 | D:6      | Killed Sigmund
  5880 | D:7      | Reached XP level 9. HP: 61/79 MP: 8/8
  5887 | D:7      | Reached ** piety under Okawaru
  5998 | D:7      | Noticed Menkaure
  6005 | D:7      | Killed Menkaure
  6088 | D:7      | Noticed Harold
  6121 | D:7      | Killed Harold
  6725 | D:6      | Reached *** piety under Okawaru
  6727 | D:6      | Reached skill level 10 in Long Blades
  7349 | D:8      | Noticed a two-headed ogre
  7360 | D:8      | Reached XP level 10. HP: 88/88 MP: 6/9
  7373 | D:8      | Killed a two-headed ogre
  7373 | D:8      | Reached **** piety under Okawaru
  7404 | D:8      | Reached skill level 10 in Shields
  7877 | D:8      | Found a staircase to the Lair.
  8579 | D:9      | Found a runed translucent gate.
  8581 | D:9      | Found a runed translucent gate.
  8581 | D:9      | Found a runed translucent gate.
  8623 | D:9      | Noticed YoungGLord's ghost (novice GrEE)
  8669 | D:9      | Noticed a two-headed ogre
  8682 | D:9      | Killed a two-headed ogre
  8682 | D:9      | Reached ***** piety under Okawaru
  9368 | D:10     | Entered Level 10 of the Dungeon
  9784 | D:10     | Reached XP level 11. HP: 95/95 MP: 10/10
  9822 | D:10     | Noticed Erolcha
  9833 | D:10     | Killed Erolcha
  9967 | D:10     | You fall into a shaft and drop 1 floor!
  9967 | D:11     | Found a gate leading to a gauntlet.
  9969 | D:11     | Noticed a two-headed ogre
  9973 | D:11     | Noticed a boulder beetle
  9984 | D:11     | Killed a two-headed ogre
  9998 | Gauntlet | Entered a Gauntlet
  9998 | Gauntlet | Found a transporter.
 10001 | Gauntlet | Found a transporter.
 10005 | Gauntlet | Found a transporter.
 10010 | Gauntlet | Found a transporter.
 10015 | Gauntlet | Noticed a death ooze
 10017 | Gauntlet | Found a transporter.
 10021 | Gauntlet | Found a transporter.
 10026 | Gauntlet | Found a transporter.
 10034 | Gauntlet | Found a transporter.
 10037 | Gauntlet | Found a transporter.
 10042 | Gauntlet | Found a transporter.
 10049 | Gauntlet | Noticed a death drake
 10052 | Gauntlet | Found a transporter.
 10053 | Gauntlet | Found a transporter.
 10056 | Gauntlet | Noticed a blizzard demon
 10058 | Gauntlet | Found a transporter.
 10066 | Gauntlet | Found a transporter.
 10161 | Gauntlet | Received a gift from Okawaru
 10181 | Gauntlet | Got a bloodstained longbow {god gift}
 10208 | Gauntlet | Killed a death ooze
 10374 | Gauntlet | Noticed a death scarab
 10374 | Gauntlet | Noticed a death scarab
 10374 | Gauntlet | Noticed a death scarab
 10374 | Gauntlet | Noticed a death scarab
 10673 | Gauntlet | Killed a death drake
 10673 | Gauntlet | Received a gift from Okawaru
 10673 | Gauntlet | Reached skill level 10 in Armour
 10673 | Gauntlet | Reached skill level 1 in Invocations
 10674 | Gauntlet | HP: 3/94 [poisoned by a death drake (dark miasma)]
 11050 | Gauntlet | Killed a blizzard demon
 11050 | Gauntlet | Reached ****** piety under Okawaru
 11052 | Gauntlet | Received a gift from Okawaru
 11380 | Gauntlet | Noticed a minotaur
 11397 | Gauntlet | Killed a minotaur
 11437 | D:11     | Killed a boulder beetle
 11437 | D:11     | Received a gift from Okawaru
 11497 | D:11     | Reached skill level 10 in Fighting
 11504 | D:11     | Reached XP level 12. HP: 57/106 MP: 12/12
 11730 | D:11     | Noticed a rakshasa
 11747 | D:11     | Killed a rakshasa
 12222 | D:11     | Noticed a six-headed hydra
 12227 | D:11     | Killed a six-headed hydra
 12387 | D:11     | Got a fine war axe
 12388 | D:11     | Identified the +0 war axe of Tenacity {vorpal, Int+2} (You
                  | found it on level 11 of the Dungeon)
 12928 | Lair:1   | Entered Level 1 of the Lair of Beasts
 13032 | Lair:1   | Received a gift from Okawaru
 13176 | Lair:1   | Noticed Maggie
 13192 | Lair:1   | Killed Maggie
 13192 | Lair:1   | Reached skill level 1 in Evocations
 13976 | Lair:2   | Received a gift from Okawaru
 13976 | Lair:2   | Reached XP level 13. HP: 116/116 MP: 13/13
 14262 | Lair:2   | Found a hole to the Spider Nest.
 15023 | Lair:3   | Noticed Urug
 15036 | Lair:3   | Killed Urug
 15242 | Lair:3   | Found a transporter.
 15268 | Lair:3   | Found a transporter.
 15710 | Lair:3   | Reached skill level 15 in Long Blades
 15728 | Lair:3   | Received a gift from Okawaru
 15748 | Lair:3   | Got an ancient hand axe {god gift}
 15751 | Lair:3   | Identified the +5 hand axe of Moral Flaws {venom, rF+}
                  | (Okawaru gifted it to you on level 3 of the Lair of Beasts)
 16543 | Lair:4   | Received a gift from Okawaru
 16579 | Lair:4   | Reached skill level 15 in Shields
 17016 | Lair:4   | Found a staircase to the Shoals.
 17545 | D:12     | Found Kowaze's Weapon Shoppe.
 17545 | D:12     | Found a staircase to the Orcish Mines.
 17552 | D:12     | Found Tunul's Armour Shoppe.
 18164 | D:12     | Killed from afar by a deep elf mage

Illustrated notes

Levels and vault maps discovered:
D:1:      zelgadis_glass_arrival_small, layout_rooms, serial_forest,
          infiniplex_forest_pool, infiniplex_forest_zigzag_1,
          infiniplex_forest_lined_room_3, infiniplex_forest_lined_3_way,
          infiniplex_forest_straight_2, infiniplex_forest_end_1
D:2:      layout_loops_ring, gammafunk_temple_overflow_arena,
          chequers_serial_rivers_room_b, uniq_natasha
D:3:      layout_rooms, hex_intersection, minmay_snake_closets,
          uniq_crazy_yiuf_cottage
D:4:      layout_loops_ring, minmay_temple_entry_from_below_b, ashenzari_altar_1
D:5:      layout_basic, lemuel_altar_in_water, uniq_eustachio, uniq_duvessa
D:6:      layout_rooms, corner_web_ring, uniq_sigmund
D:7:      layout_gridville, uniq_harold, uniq_menkaure
D:8:      layout_rooms, lair_entry_dummy
D:9:      layout_basic, gammafunk_ghost_spectres, library_closet,
          hangedman_fish_farm
D:10:     layout_loops_ring, uniq_erolcha
D:11:     minmay_the_grid_net [minmay_the_grid_dragon_a,
          minmay_the_grid_minigrid_large, minmay_the_grid_outer_circle,
          minmay_the_grid_holed_spiral, minmay_the_grid_tiny_cups,
          minmay_the_grid_prize_shrinking_boxes], layout_rooms,
          gauntlet_entry_generic
D:12:     layout_roguey, orc_david_3, uniq_rupert
Temple:   regret_index_temple_chain_breaker
Lair:1:   layout_chaotic_city, grunt_megastairs_2, infiniplex_staircase_pool,
          uniq_maggie
Lair:2:   layout_hall_layers, spider_nest_entry_webs
Lair:3:   gammafunk_cloud_chamber, layout_regular_city,
          chequers_serial_rivers_micro_b, uniq_urug
Lair:4:   layout_gridlike, elwin_shoals_entry_rooms

Skill      XL: |  1  2  3  4  5  6  7  8  9 10 11 12 13 |
---------------+----------------------------------------+-----
Armour         | 4 5 6 8 9 10 11 12 | 12.6
Fighting       | 4 5 6 7 8 10 11 12 | 12.4
Shields        | 4 5 6 7 9 11 12 13 15 | 15.4
Long Blades    | 3 4 5 6 8 10 11 13 14 15 | 15.4
Dodging        | 1 2 3 4 |  4.7
Invocations    | 1 2 |  2.2
Evocations     | 1 |  1.9
Stealth        | |  0.5

Action                   |  1- 3 |  4- 6 |  7- 9 | 10-12 | 13-15 || total
-------------------------+-------+-------+-------+-------+-------++-------
Melee: Long sword        |    63 |   152 |   384 |   188 |       ||   787
       Headbutt          |    10 |    28 |    89 |   196 |   120 ||   443
       Scimitar          |       |       |       |   550 |   377 ||   927
Invok: Heroism           |       |       |     4 |    14 |     5 ||    23
       Finesse           |       |       |       |     1 |       ||     1
Evoke: Wand              |       |       |       |     5 |     6 ||    11
  Use: Potion            |     3 |       |     8 |     3 |       ||    14
       Scroll            |     2 |     3 |     2 |     9 |     1 ||    17
Armor: Scale mail        |    25 |    51 |    13 |       |       ||    89
       Plate armour      |       |       |   275 |   286 |   140 ||   701
       Skin              |       |       |    28 |       |       ||    28
Dodge: Dodged            |    23 |    44 |   227 |   268 |   106 ||   668
       Repelled          |       |       |       |     2 |     2 ||     4
Block: Kite shield       |    29 |    72 |   333 |   483 |   242 ||  1159
       Rpst.: Long sword |     5 |    12 |    56 |    13 |       ||    86
       Scimitar          |       |       |       |    42 |    30 ||    72

Table legend: (Time is in decaauts)
 A = Elapsed time spent in this place.
 B = Non-inter-level travel time spent in this place.
 C = Inter-level travel time spent in this place.
 D = Time resting spent in this place.
 E = Time spent auto-exploring this place.
 F = Levels seen in this place.
 G = Mean time per level.
                   A        B        C        D        E       F      G
               +--------+--------+--------+--------+--------+-----+--------+
         Total |  18037 |  17382 |    655 |   1956 |  11283 |  18 | 1002.1 |
       Dungeon |  12153 |  11698 |    455 |    969 |   7892 |  12 | 1012.8 |
        Temple |    108 |    108 |      0 |      0 |     85 |   1 |  108.0 |
          Lair |   4361 |   4161 |    200 |      0 |   3299 |   4 | 1090.2 |
      Gauntlet |   1414 |   1414 |      0 |    987 |      7 |   1 | 1414.0 |
               +--------+--------+--------+--------+--------+-----+--------+

Top non-repeatable levels by time:
     D:9: 1456 daAuts
     D:7: 1425 daAuts
Gauntlet: 1414 daAuts
     D:3: 1327 daAuts
  Lair:2: 1208 daAuts
  Lair:4: 1202 daAuts
     D:5: 1134 daAuts
    D:11: 1110 daAuts
  Lair:3: 1074 daAuts
     D:4: 1043 daAuts
    D:10: 921 daAuts
  Lair:1: 875 daAuts
     D:8: 849 daAuts
     D:2: 816 daAuts
     D:1: 732 daAuts
